 Dungeon Crawl Stone Soup version 0.32-a0-485-g70f7560b1c (webtiles) character file.

Game seed: 10725342935741956390

753 ezpacito the Trooper (level 7, -15/54 HPs)
             Began as a Demonspawn Chaos Knight on Feb 26, 2024.
             Was a Plaything of Xom.
             Demolished by a gnoll sergeant
             ... wielding a +3 trident of protection
              (17 damage)
             ... on level 5 of the Dungeon.
             The game lasted 00:04:05 (4030 turns).

ezpacito the Trooper (Demonspawn Chaos Knight)      Turns: 4030, Time: 00:04:06

Health: -15/54     AC:  6    Str: 21    XL:     7   Next: 49%
Magic:  0/10       EV: 12    Int: 12    God:    Xom [.*....]
Gold:   173        SH:  0    Dex: 14    Spells: 11/11 levels left

rFire   . . .        a - +0 hand axe (chaos)
rCold   . . .        (no shield)
rNeg    . . .        b - +2 leather armour
rPois   .            w - +0 helmet
rElec   .            (no cloak)
rCorr   .            (no gloves)
SInv    .            (no boots)
Will    +....        n - amulet of guardian spirit
Stlth   +++          l - +6 ring of strength
HPRegen 0.29/turn    (no ring)
MPRegen 0.12/turn

%: guardian spirit
@: mighty, enlightened, flying, hasted, very quick
A: hooves 1, thin skeletal structure 1, ignite blood 1, powered by death 1
a: Renounce Religion


You were on level 5 of the Dungeon.
You worshipped Xom.
You were a plaything of Xom.
You visited 1 branch of the dungeon, and saw 5 of its levels.

You collected 197 gold pieces.
You spent 24 gold pieces at shops.

Inventory:

Hand Weapons
 a - a +0 hand axe of chaos (weapon)
 r - a +0 war axe
Missiles
 x - 4 javelins (quivered)
 y - 4 boomerangs
Armour
 b - a +2 leather armour (worn)
 j - a +0 chain mail
 w - a +0 helmet (worn)
Jewellery
 l - a +6 ring of strength (left hand)
 n - an amulet of guardian spirit (around neck)
 s - an amulet of magic regeneration
Talismans
 z - a serpent talisman
Scrolls
 d - a scroll of vulnerability {unknown}
 e - 2 scrolls of identify {unknown}
 f - 3 scrolls of fog {unknown}
 h - a scroll of silence {unknown}
 i - a scroll of teleportation {unknown}
 m - 2 scrolls of enchant armour {unknown}
 o - a scroll of enchant weapon {unknown}
 p - a scroll of immolation {unknown}
 q - a scroll of fear {unknown}
 v - 2 scrolls of torment {unknown}
 A - a scroll of summoning {unknown}
Potions
 u - a potion of resistance {unknown}


   Skills:
 * Level 4.1 Fighting
 * Level 3.9(4.1) Axes
 + Level 1.8(3.1) Polearms
 + Level 0.3 Throwing
 * Level 3.3 Armour
 * Level 2.7 Dodging
 + Level 1.8 Stealth
 * Level 2.6 Unarmed Combat
 * Level 2.5 Spellcasting


You had 11 spell levels left.
You didn't know any spells.
Your spell library contained the following spells:

 Spells                   Type           Power      Damage    Failure   Level
 Lesser Beckoning         Tloc           2%         N/A       41%         2
 Dazzling Flash           Conj/Hex       2%         N/A       65%         3
 Gell's Gravitas          Tloc           1%         N/A       65%         3
 Inner Flame              Hex/Fire       1%         N/A       65%         3
 Teleport Other           Tloc           1%         N/A       65%         3
 Volatile Blastmotes      Fire/Tloc      2%         2d10      65%         3
 Irradiate                Conj/Alch      0%         3d11      100%        5
 Starburst                Conj/Fire      0%         6d3       100%        6
 Ignition                 Fire           0%         3d3       100%        8
 Maxwell's Capacitive Co  Air            0%         ∞         100%        8


Dungeon Overview and Level Annotations

Branches:
Dungeon (5/15)
 Temple: D:4-7

Altars:
Ashenzari
Cheibriados
Fedhas
Hepliaklqana

Shops:
D:2 *   D:4 *


Innate Abilities, Weirdness & Mutations

You have large cloven feet.
You have a somewhat thin skeletal structure. (Dex +2, Stealth+)
Your demonic aura sometimes causes spilled blood to erupt in flames.
You regenerate a little health from kills.


Message History

You are too injured to fight recklessly!
You are too injured to fight recklessly!
It was a potion of might.
You feel very mighty all of a sudden.
Xom thinks this is hilarious!
The gnoll sergeant hits you with a +3 trident of protection!
* * * LOW HITPOINT WARNING * * *
The gnoll hits you from afar with a +3 halberd!
* * * LOW HITPOINT WARNING * * *
The gnoll is engulfed in blazing flames.
You kill the gnoll!
The gnoll barely misses you.
Okay, then.
As you read the scroll of butterflies, it crumbles to dust.
You hear the flapping of tiny wings.
The gnoll is knocked back by the sudden gust. x2
The gnoll sergeant is knocked back by the sudden gust.
The gnoll is knocked back by the sudden gust.
The gnoll sergeant hits your butterfly with a +3 trident of protection!
Your butterfly dies!
Your butterfly disappears in a burst of colours!
It was a potion of enlightenment.
You feel very buoyant.
You fly up into the air.
Your butterfly is engulfed in blazing flames.
You kill your butterfly!
Your butterfly disappears in a burst of colours!
The gnoll misses your butterfly. The gnoll completely misses you.
It was a potion of haste.
You feel yourself speed up.
Your butterfly is engulfed in blazing flames.
You kill your butterfly!
Your butterfly disappears in a burst of colours!
The gnoll barely misses your butterfly.
The gnoll hits your butterfly with a +3 halberd!
Your butterfly dies!
Your butterfly disappears in a burst of colours!
The gnoll completely misses you.
The gnoll sergeant hits you from afar with a +3 trident of protection!
You die...
Xom roars with laughter!

..........#
...........#
....
...........#
.... . ..... ..
#bb... #.
#g.g.. #..##
##bg..
#.bb###gb# ####
#bb>b@# ...#
###b### ##.#
#.# #.# #.# #.#
#.#
#.###########.#
#.............#
###############


You could see a gnoll sergeant and 3 gnolls.

Vanquished Creatures
  Sigmund (D:2)
  A sky beast (D:4)
  An ogre (D:4)
  A phantom (D:5)
  A scorpion (D:5)
  A bombardier beetle (D:5)
  A howler monkey (D:4)
  A hound (D:4)
  Terence (D:2)
  4 adders
  A gnoll (D:5)
  2 ribbon worms
  4 dart slugs
  4 orcs
  5 bats
  9 endoplasms
  4 giant cockroaches
  7 goblins
  6 hobgoblins
  3 jackals (D:3)
  7 kobolds
  A quokka (D:1)
  7 ball pythons
  5 frilled lizards
  4 rats
82 creatures vanquished.

Vanquished Creatures (collateral kills)
  2 orcs (D:5)
2 creatures vanquished.

Vanquished Creatures (others)
  A human zombie (D:2)
1 creature vanquished.

Grand Total: 85 creatures vanquished

Notes
Turn   | Place    | Note
-------+----------+-------------------------------------------
     0 | D:1      | ezpacito the Demonspawn Chaos Knight began the quest for
                  | the Orb.
     0 | D:1      | Reached XP level 1. HP: 18/18 MP: 1/1
    38 | D:1      | XOM: divination: detect creatures
    90 | D:1      | Reached skill level 1 in Dodging
   201 | D:1      | Gained mutation: You have large cloven feet. [demonic
                  | ancestry]
   201 | D:1      | Reached XP level 2. HP: 21/24 MP: 2/2
   696 | D:1      | Gained mutation: You have a somewhat thin skeletal
                  | structure. (Dex +2, Stealth+) [demonic ancestry]
   696 | D:1      | Reached XP level 3. HP: 29/29 MP: 4/4
   976 | D:2      | Noticed Sigmund
   989 | D:2      | Killed Sigmund
   990 | D:2      | Reached skill level 1 in Polearms
   990 | D:2      | Reached skill level 1 in Stealth
   990 | D:2      | Reached skill level 1 in Unarmed Combat
   990 | D:2      | Reached skill level 1 in Spellcasting
   990 | D:2      | Gained mutation: Your demonic aura sometimes causes spilled
                  | blood to erupt in flames. [demonic ancestry]
   990 | D:2      | Reached XP level 4. HP: 24/35 MP: 4/6
   990 | D:2      | Reached XP level 5. HP: 28/41 MP: 4/7
  1123 | D:2      | Noticed Terence
  1132 | D:2      | Your ally Sigmund died
  1147 | D:2      | Killed Terence
  1536 | D:2      | Found Moavatwa's Assorted Antiques.
  1543 | D:2      | Bought a scroll labelled ZYRUCO SIUWK for 24 gold pieces
  1837 | D:3      | XOM: 11-stop teleportation journey
  1888 | D:3      | XOM: cloud trail
  1986 | D:3      | XOM: smoke on damage
  2275 | D:3      | Reached XP level 6. HP: 47/47 MP: 8/8
  2550 | D:4      | XOM: enchant monster (bad)
  2557 | D:4      | XOM: potion effect (haste)
  2621 | D:4      | XOM: blink monster(s)
  2752 | D:4      | Noticed a sky beast
  2767 | D:4      | Killed a sky beast
  2768 | D:4      | Gained mutation: You regenerate a little health from kills.
                  | [demonic ancestry]
  2768 | D:4      | Reached XP level 7. HP: 39/53 MP: 8/10
  2941 | D:4      | Found Imineran's General Store.
  3015 | D:4      | Reached skill level 4 in Fighting
  3108 | D:4      | Found a snail-covered altar of Cheibriados.
  3155 | D:4      | Found a hazy altar of Hepliaklqana.
  3161 | D:4      | Found a blossoming altar of Fedhas.
  3278 | D:4      | Found a broken altar of Ashenzari.
  3471 | D:5      | Entered Level 5 of the Dungeon
  3549 | D:5      | XOM: cast spell 'Summon Horrible Things'
  4027 | D:5      | HP: 1/54 [gnoll/+3 halberd[a gnoll sergeant] (11)]
  4030 | D:5      | Demolished by a gnoll sergeant

Illustrated notes

Levels and vault maps discovered:
D:1:      dpeg_arrival_renting, layout_loops_corners,
          chequers_serial_rivers_micro_e, st_stairs_12
D:2:      layout_basic, serial_shops, shop, uniq_terence, uniq_sigmund
D:3:      layout_loops_cross, serial_bayou_pond_d
D:4:      layout_loops_ring, cheibriados_altar_1,
          minmay_overflow_temple_star_quad, nicolae_take_the_stairs
D:5:      layout_basic, dk_noncrumbling_4

Skill      XL: |  1  2  3  4  5  6  7 |
---------------+----------------------+-----
Dodging        | 1 2 |  2.7
Armour         | 2 3 |  3.3
Axes           | 3 |  3.9
Polearms       | 1 |  1.8
Stealth        | 1 |  1.8
Unarmed Combat | 1 2 |  2.6
Spellcasting   | 1 2 |  2.5
Fighting       | 4 |  4.1
Throwing       | |  0.3

Action                     |  1- 3 |  4- 6 |  7- 9 || total
---------------------------+-------+-------+-------++-------
  Melee: Hand axe          |    61 |   137 |    50 ||   248
         Kick              |    12 |    33 |     9 ||    54
    Use: Potion            |       |     2 |     3 ||     5
         Scroll            |       |       |     1 ||     1
   Stab: Sleeping          |     1 |     5 |     5 ||    11
         Confused          |     1 |     1 |       ||     2
         Paralysed         |     1 |     1 |       ||     2
 Armour: Leather armour    |    24 |    70 |    24 ||   118
         Skin              |       |     3 |       ||     3
  Dodge: Dodged            |    28 |    69 |    34 ||   131

Table legend: (Time is in decaauts)
 A = Elapsed time spent in this place.
 B = Non-inter-level travel time spent in this place.
 C = Inter-level travel time spent in this place.
 D = Time resting spent in this place.
 E = Time spent auto-exploring this place.
 F = Levels seen in this place.
 G = Mean time per level.
                   A        B        C        D        E       F      G
               +--------+--------+--------+--------+--------+-----+--------+
         Total |   4043 |   3867 |    176 |    213 |   2988 |   5 |  808.6 |
       Dungeon |   4043 |   3867 |    176 |    213 |   2988 |   5 |  808.6 |
               +--------+--------+--------+--------+--------+-----+--------+

Top non-repeatable levels by time:
     D:4: 971 daAuts
     D:1: 967 daAuts
     D:2: 825 daAuts
     D:3: 717 daAuts
     D:5: 561 daAuts
